 Dungeon Crawl Stone Soup version 0.29-a0-299-g4c793a2ed2 (webtiles) character file.

Game seed: 18161513927995280271

578 kae the Firebug (level 7, -3/41 HPs)
             Began as a Tengu Fire Elementalist on Mar 24, 2022.
             Slain by an ice beast (9 damage)
             ... on level 7 of the Dungeon.
             The game lasted 00:03:13 (5962 turns).

kae the Firebug (Tengu Fire Elementalist)           Turns: 5962, Time: 00:03:13

Health: -3/41      AC:  4    Str:  9    XL:     7   Next: 35%
Magic:  6/13       EV: 14    Int: 17    God:
Gold:   110        SH:  0    Dex: 19    Spells: 0/13 levels left

rFire   . . .      SeeInvis .   i - +0 whip
rCold   . . .      Faith    .   (no shield)
rNeg    . . .      Spirit   .   c - +1 leather armour of the Rose {Dex+5}
rPois   .          Reflect  .   (helmet restricted)
rElec   .          Harm     .   m - scarf {+Inv}
rCorr   .          Rampage  .   (no gloves)
Will    .....                   (boots unavailable)
Stlth   ++........              (no amulet)
HPRegen 0.13/turn               (no ring)
MPRegen 0.13/turn               (no ring)

@: flying quickly and evasively, quick
A: beak, talons 3, nimble flight
a: Evoke Invisibility


You were on level 7 of the Dungeon.
You visited 1 branch of the dungeon, and saw 6 of its levels.

You collected 257 gold pieces.
You spent 147 gold pieces at shops.

Inventory:

Hand Weapons
 i - a +0 whip (weapon)
Armour
 a - a +0 robe
 c - the +1 leather armour of the Rose (worn) {Dex+5}
   (You bought it in a shop on level 4 of the Dungeon)

   Dex:       It affects your dexterity (+5).
 m - a scarf of invisibility (worn)
Jewellery
 h - an amulet of regeneration
 l - an amulet of the acrobat
Scrolls
 d - a scroll of teleportation
Potions
 b - a potion of magic
 e - a potion of attraction
 f - a potion of lignification
 g - 4 potions of curing
 k - 3 potions of mutation
 n - 2 potions of flight {unknown}


   Skills:
 + Level 3.1 Fighting
 - Level 2.1 Dodging
 - Level 2.0 Stealth
 + Level 3.6 Spellcasting
 + Level 4.6 Conjurations
 * Level 6.2 Fire Magic


You couldn't memorise any spells.
You knew the following spells:

 Your Spells              Type           Power      Damage    Failure   Level
a - Foxfire               Conj/Fire      84%        2x1d8     2%          1
b - Scorch                Fire           48%        2d7       2%          2
c - Conjure Flame         Conj/Fire      21%        6-21      8%          3
d - Inner Flame           Hex/Fire       13%        N/A       19%         3
e - Flame Wave            Conj/Fire      21%        2d7       24%         4

Your spell library contained the following spells:

 Spells                   Type           Power      Damage    Failure   Level
 Shock                    Conj/Air       40%        1d5       9%          1
 Beastly Appendage        Tmut           6%         N/A       24%         1
 Dazzling Flash           Conj/Hex       20%        N/A       26%         3
 Sublimation of Blood     Necr           3%         N/A       34%         2
 Wereblood                Tmut           3%         N/A       34%         2
 Spider Form              Tmut/Pois      3%         N/A       56%         3
 Iskenderun's Mystic Bla  Conj/Tloc      10%        2d4       65%         4
 Petrify                  Tmut/Erth      3%         N/A       93%         4
 Irradiate                Conj/Tmut      5%         3d15      94%         5
 Starburst                Conj/Fire      10%        6d5       98%         6
 Spellforged Servitor     Conj/Summ      5%         N/A       100%        7


Dungeon Overview and Level Annotations

Branches:
Dungeon (7/15)             Temple (0/1) D:7

Altars:

Shops:
D:4 [

Portals:
Abyss: D:4

Annotations:
D:4 2 transporters, PanSaczeczos's ghost, novice HuHu


Innate Abilities, Weirdness & Mutations

You have a beak for a mouth.
You have claws for feet.
Your magical nature lets you fly swiftly and evasively.


Message History

There is an open door here.
A sourceless malevolence fills the Dungeon...
You are sucked into a shaft and drop 2 floors!
The shaft crumbles and collapses.
You hear the roar of battle.
There is an entrance to a bailey on this level.
Hurry and find it before the portal closes forever!
Found a staircase to the Ecumenical Temple.
Found 16 stones.
(D) Dungeon (T) Temple
Where to? (Enter - D:5, ? - help)
An ice beast comes into view.
An ice beast is nearby!
Casting: Scorch (safe; 2% risk of failure)
Confirm with . or Enter, or press ? or * to list all spells.
Flames lash the ice beast.
The ice beast melts!
The ice beast is moderately wounded.
The ice beast's fire resistance burns away.
A jelly comes into view.
Casting: Scorch (safe; 2% risk of failure)
Confirm with . or Enter, or press ? or * to list all spells.
Flames lash the ice beast.
The ice beast melts!
The ice beast is heavily wounded.
The ice beast closely misses you. The ice beast hits you.
The ice beast freezes you!
Casting: Scorch (safe; 2% risk of failure)
Confirm with . or Enter, or press ? or * to list all spells.
Flames lash the ice beast.
The ice beast melts!
The ice beast is severely wounded.
The ice beast hits you. The ice beast freezes you! The ice beast hits you.
The ice beast freezes you.
* * * LOW HITPOINT WARNING * * *
Casting: Scorch (safe; 2% risk of failure)
Confirm with . or Enter, or press ? or * to list all spells.
Flames lash the jelly.
The jelly is moderately wounded.
The jelly's fire resistance burns away.
The ice beast misses you. The jelly hits you but does no damage.
The ice beast hits you.
* * * LOW HITPOINT WARNING * * *
The ice beast freezes you!
You die...

..#.8.#.. .##
#.......#(..#
..8.>.8...#.
#.......#..
..#.8.#...
.......
#.#.#J.#######
#....Y@.......
##.#.#.#######
.. #.########
## #.........
##########


You could see an ice beast (combustible) and a jelly (combustible).

Vanquished Creatures
  A black bear (D:4)
  A scorpion (D:3)
  3 hounds
  2 jellies
  2 orc priests
  2 orc wizards
  6 adders
  An ufetubus (D:5)
  2 worms (D:2)
  3 dart slugs
  4 orcs
  9 ball pythons
  13 endoplasms
  6 giant cockroaches
  9 goblins
  9 hobgoblins
  5 quokkas
  5 bats
  10 kobolds
  5 rats
98 creatures vanquished.

Vanquished Creatures (others)
  317 foxfires
317 creatures vanquished.

Grand Total: 415 creatures vanquished

Notes
Turn   | Place    | Note
-------+----------+-------------------------------------------
     0 | D:1      | kae the Tengu Fire Elementalist began the quest for the
                  | Orb.
     0 | D:1      | Reached XP level 1. HP: 10/10 MP: 4/4
   193 | D:1      | Found a faded altar of an unknown god.
   202 | D:1      | Reached XP level 2. HP: 16/16 MP: 0/6
  1046 | D:1      | Reached XP level 3. HP: 20/20 MP: 3/7
  1049 | D:1      | Learned a level 2 spell: Scorch
  1053 | D:1      | Learned a level 3 spell: Conjure Flame
  1123 | D:1      | Reached skill level 1 in Fighting
  1441 | D:1      | Reached skill level 4 in Fire Magic
  1947 | D:2      | Reached XP level 4. HP: 21/25 MP: 4/8
  2321 | D:2      | Got the Compendium of Conjuration
  3336 | D:3      | Gained mutation: Your magical nature lets you fly swiftly
                  | and evasively. [Tengu growth]
  3336 | D:3      | Reached XP level 5. HP: 28/30 MP: 0/9
  3590 | D:3      | Reached skill level 5 in Fire Magic
  3590 | D:3      | Reached XP level 6. HP: 35/35 MP: 4/11
  4641 | D:4      | Found a transporter.
  4653 | D:4      | Found Eruptuff's Antique Armour Boutique.
  4661 | D:4      | Bought an ichor-stained leather armour for 147 gold pieces
  4661 | D:4      | Identified the +1 leather armour of the Rose {Dex+5} (You
                  | bought it in a shop on level 4 of the Dungeon)
  4893 | D:4      | Noticed a small abomination
  4896 | D:4      | Found a one-way gate to the infinite horrors of the Abyss.
  4896 | D:4      | Noticed PanSaczeczos's ghost (novice HuHu)
  4897 | D:4      | Found a transporter.
  4897 | D:4      | Noticed a black bear
  4907 | D:4      | Killed a black bear
  5239 | D:4      | Reached XP level 7. HP: 36/40 MP: 6/13
  5323 | D:4      | Reached skill level 6 in Fire Magic
  5444 | D:4      | Noticed an ancient zyme
  5735 | D:5      | Entered Level 5 of the Dungeon
  5760 | D:5      | Learned a level 3 spell: Inner Flame
  5765 | D:5      | Learned a level 4 spell: Flame Wave
  5950 | D:5      | You are sucked into a shaft and drop 2 floors!
  5952 | D:7      | Found a staircase to the Ecumenical Temple.
  5962 | D:7      | Slain by an ice beast

Illustrated notes

Levels and vault maps discovered:
D:1:      lemuel_arrival_behind_the_door_large, layout_basic,
          shapermc_ecumenical_altar_venn
D:2:      layout_basic
D:3:      layout_basic, minmay_misc_feat_rows, corexii_hall_statues_l,
          minmay_statues_item
D:4:      layout_basic, gammafunk_ghost_abyssal_escape, serial_shops, shop
D:5:      layout_gridville
D:7:      layout_basic, mainiacjoe_overflow_alcove_4,
          minmay_temple_entry_sparse_star, enter_bailey_3

Skill      XL: |  1  2  3  4  5  6  7 |
---------------+----------------------+-----
Conjurations   | 2 3 4 |  4.6
Fighting       | 1 2 3 |  3.1
Fire Magic     | 4 5 6 |  6.2
Spellcasting   | 3 |  3.6
Dodging        | |  2.1
Stealth        | |  2.0

Action                   |  1- 3 |  4- 6 |  7- 9 || total
-------------------------+-------+-------+-------++-------
Melee: Unarmed           |     5 |       |       ||     5
       Kick              |     2 |     1 |       ||     3
       Whip              |     1 |    11 |       ||    12
       Peck              |       |     4 |       ||     4
 Cast: Foxfire           |    83 |    90 |    20 ||   193
       Scorch            |       |    19 |    12 ||    31
  Use: Scroll            |     3 |     7 |     2 ||    12
       Potion            |       |     1 |       ||     1
 Stab: Sleeping          |       |     1 |       ||     1
Armor: Robe              |     1 |    13 |       ||    14
       Leather armour    |       |     3 |     2 ||     5
Dodge: Dodged            |     9 |    49 |     8 ||    66

Table legend: (Time is in decaauts)
 A = Elapsed time spent in this place.
 B = Non-inter-level travel time spent in this place.
 C = Inter-level travel time spent in this place.
 D = Time resting spent in this place.
 E = Time spent auto-exploring this place.
 F = Levels seen in this place.
 G = Mean time per level.
                   A        B        C        D        E       F      G
               +--------+--------+--------+--------+--------+-----+--------+
         Total |   5825 |   5619 |    206 |    139 |   4757 |   6 |  970.8 |
       Dungeon |   5825 |   5619 |    206 |    139 |   4757 |   6 |  970.8 |
               +--------+--------+--------+--------+--------+-----+--------+

Top non-repeatable levels by time:
     D:1: 1742 daAuts
     D:3: 1461 daAuts
     D:2: 1269 daAuts
     D:4: 1132 daAuts
     D:5: 207 daAuts
     D:7: 11 daAuts
